 Dungeon Crawl Stone Soup version 0.25.1-2-g60ff931df9 (webtiles) character file.

Game seed: 9150868020291014689

814 H0rd4k the Cutter (level 8, -2/57 HPs)
             Began as a Human Artificer on Sept 10, 2020.
             Slain by a wraith (13 damage)
             ... in an ossuary.
             The game lasted 00:10:43 (6396 turns).

H0rd4k the Cutter (Human Artificer)                 Turns: 6396, Time: 00:10:44

Health: -2/57      AC:  4    Str: 15    XL:     8   Next: 15%
Magic:  11/11      EV: 14    Int: 11    God:
Gold:   169        SH:  0    Dex: 14    Spells: 7/7 levels left

rFire    + . .     SeeInvis +   q - +5 dagger
rCold    . . .     Gourm    .   (no shield)
rNeg     . . .     Faith    .   x - +2 robe {rF+}
rPois    .         Spirit   .   (no helmet)
rElec    .         Reflect  .   (no cloak)
rCorr    .         Harm     .   (no gloves)
MR       .....                  (no boots)
Stlth    ++........             (no amulet)
HPRegen  0.19/turn              h - ring of see invisible
MPRegen  0.12/turn              y - ring of wizardry

@: slowed, very slow
A: no striking features
a: no special abilities


You were in an ossuary.
You were near starving.

You visited 1 branch of the dungeon, and saw 5 of its levels.
You also visited: Ossuary.

You collected 169 gold pieces.

Inventory:

Hand Weapons
 a - a +0 short sword
 g - a +2 hunting sling of flaming
 q - a +5 dagger (weapon)
 w - a +1 dagger of venom
Missiles
 m - 10 poisoned darts (quivered)
Armour
 x - a +2 robe of fire resistance (worn)
Jewellery
 h - a ring of see invisible (left hand)
 s - an uncursed ring of protection from magic
 y - a ring of wizardry (right hand)
Wands
 c - a wand of flame (1)
 d - a wand of enslavement (10)
 e - a wand of random effects (15)
Scrolls
 j - a scroll of teleportation
 l - 2 scrolls of remove curse
 n - a scroll of noise
 r - a scroll of immolation {unknown}
 t - 3 scrolls of amnesia
 v - 3 scrolls of enchant weapon
 A - a scroll of enchant armour {unknown}
 B - a scroll of blinking {unknown}
 D - a scroll of identify
 E - a scroll of magic mapping {unknown}
Potions
 b - 3 potions of might {unknown}
 i - 4 potions of heal wounds {unknown}
 k - 2 potions of brilliance {unknown}
 o - 2 potions of degeneration
 u - a potion of lignification {unknown}
 z - a potion of curing
 C - a potion of haste {unknown}
Comestibles
 f - 4 rations


   Skills:
 + Level 2.8 Fighting
 + Level 5.1 Short Blades
 + Level 2.3 Armour
 + Level 4.1 Dodging
 + Level 3.5 Stealth
 + Level 4.0 Evocations


You had 7 spell levels left.
You didn't know any spells.
Your spell library was empty.

Dungeon Overview and Level Annotations

Branches:
Dungeon (5/15)            Ossuary (1/1)
 Temple: D:4-7

Altars:
Cheibriados
Makhleb
The Shining One


Message History

The puff of flame hits the wraith.
The wraith is severely damaged.
The wraith hits you.
* * * LOW HITPOINT WARNING * * *
The wraith drains your vigour!
You feel as though you will be slow longer.
Evoke which item? (* to show all) (? for menu, Esc to quit)
Aiming: Throw Flame
Press: ? - help, Shift-Dir - straight line, f/p - wraith
Aim: a wraith (severely damaged)
The puff of flame misses the wraith.
The wraith misses you. The wraith completely misses you.
Evoke which item? (* to show all) (? for menu, Esc to quit)
Aiming: Throw Flame
Press: ? - help, Shift-Dir - straight line, f/p - wraith
Aim: a wraith (severely damaged)
The puff of flame hits the wraith!
The wraith is almost destroyed.
The wraith hits you!
You die...

#......##.........##......#
#.....##...#####...##.....#
#....##...##...##...##....#
#....#...##.?.?.##...#....#
#....+.. #.??!!!.#...+....#
#....#. ##..?!.##...#....#
#....##. .##...##...##....#
#.....##...##'##...##
#......##.....W@..##.
#.......#####+#####..
#.∩..................
#....................
############'''######
####...#### #..'...'..#
#..#...#..# ####...####


You could see a wraith.

Vanquished Creatures
  An ice beast (D:5)
  A sky beast (D:4)
  2 scorpions (D:4)
  A jelly (D:5)
  3 bullfrog skeletons
  Jessica (D:2)
  An iguana (D:4)
  An orc wizard (D:4)
  A worker ant (D:5)
  A hound zombie (D:4)
  2 mummies
  A worker ant zombie (D:4)
  4 gnolls (D:2)
  9 adders
  2 oozes
  3 adder zombies
  A worm (D:2)
  4 dart slugs
  3 leopard geckos
  5 orcs
  A ball python (D:3)
  6 bats
  4 giant cockroaches
  11 goblins
  6 hobgoblins
  12 jackals
  3 quokkas
  7 frilled lizards
  A giant cockroach zombie (D:4)
  7 gnoll skeletons (Ossuary)
  A goblin zombie (D:5)
  A hobgoblin zombie (D:5)
  7 kobolds
  11 kobold skeletons (Ossuary)
  5 orc skeletons (Ossuary)
  8 rats
138 creatures vanquished.

Vanquished Creatures (collateral kills)
  A kobold (D:3)
1 creature vanquished.

Vanquished Creatures (others)
  An adder (D:3)
  A bat (D:3)
  A plant (D:5)
3 creatures vanquished.

Grand Total: 142 creatures vanquished

Notes
Turn   | Place    | Note
-------+----------+-------------------------------------------
     0 | D:1      | H0rd4k the Human Artificer began the quest for the Orb.
     0 | D:1      | Reached XP level 1. HP: 15/15 MP: 3/3
    78 | D:1      | Reached XP level 2. HP: 8/21 MP: 4/4
   551 | D:1      | Reached XP level 3. HP: 20/26 MP: 5/5
  1279 | D:1      | Reached skill level 1 in Armour
  1523 | D:2      | Reached XP level 4. HP: 32/32 MP: 6/6
  1574 | D:2      | You fall into a shaft and drop 1 floor!
  3243 | D:2      | Found a burning altar of Makhleb.
  3261 | D:2      | Noticed Jessica
  3275 | D:2      | Killed Jessica
  3275 | D:2      | Reached skill level 2 in Short Blades
  3275 | D:2      | Reached XP level 5. HP: 32/37 MP: 7/7
  3808 | D:2      | Reached XP level 6. HP: 23/44 MP: 8/8
  3972 | D:2      | Found a snail-covered altar of Cheibriados.
  4292 | D:2      | Found a glowing golden altar of the Shining One.
  4491 | D:4      | Reached skill level 3 in Short Blades
  5099 | D:4      | Reached XP level 7. HP: 38/50 MP: 9/9
  5331 | D:4      | Reached skill level 4 in Short Blades
  5956 | D:5      | Entered Level 5 of the Dungeon
  6038 | D:5      | Reached XP level 8. HP: 37/57 MP: 10/10
  6048 | D:5      | Reached skill level 5 in Short Blades
  6133 | D:5      | Found a sand-covered staircase.
  6138 | Ossuary  | Entered an ossuary
  6138 | Ossuary  | Noticed a wraith
  6138 | Ossuary  | Noticed a wraith
  6138 | Ossuary  | Noticed a wraith
  6355 | Ossuary  | Noticed a wraith
  6396 | Ossuary  | Slain by a wraith

Illustrated notes

Levels and vault maps discovered:
D:1:      nzn_arrival_settlement, layout_loops_ring, chequers_arboretum,
          minmay_pentomino_p4
D:2:      layout_loops_ring, overflow_temple_1_default, tso_altar,
          kennysheep_slug_shrine, serial_forest, infiniplex_forest_end_1,
          infiniplex_forest_straight_2, infiniplex_forest_zigzag_1,
          infiniplex_forest_straight_4, infiniplex_forest_clump_diagonal,
          infiniplex_forest_clump_curved, minmay_tiny_reverse_x, uniq_jessica
D:3:      layout_basic, first_ration
D:4:      layout_cave_pods, serial_undead, serial_undead_b, serial_undead_e,
          serial_undead_c, serial_undead_b, serial_undead_b, serial_undead_e
D:5:      layout_basic, grunt_temple_overflow_growth_and_decay,
          kennysheep_mini_moat, minmay_temple_entry_mist,
          lightli_sewer_entry_pipes, nicolae_ossuary_entry_giza,
          minmay_misc_feat_plants
Ossuary:  ossuary_due_mausoleum

Skill      XL: |  1  2  3  4  5  6  7  8 |
---------------+-------------------------+-----
Armour         | 1 2 |  2.3
Short Blades   | 2 3 4 5 |  5.1
Stealth        | 2 3 |  3.5
Fighting       | 2 |  2.8
Dodging        | 3 4 |  4.1
Evocations     | 4 |  4.0

Action                   |  1- 3 |  4- 6 |  7- 9 || total
-------------------------+-------+-------+-------++-------
Melee: Short sword       |   156 |    11 |       ||   167
       Dagger            |       |   239 |   192 ||   431
Evoke: Wand              |       |     6 |    13 ||    19
  Use: Scroll            |       |       |     8 ||     8
       Potion            |       |       |     3 ||     3
 Stab: Sleeping          |     4 |     6 |     5 ||    15
  Eat: Chunk             |     2 |    11 |     3 ||    16
Armor: Leather armour    |    33 |    18 |       ||    51
       Robe              |       |    32 |    36 ||    68
Dodge: Dodged            |    96 |   173 |    87 ||   356
